 Dungeon Crawl Stone Soup version 0.30.0-19-g36f170ea60 (webtiles) character file.

Game seed: 17527651459331822779

950 olmar the Ruffian (level 7, -1/67 HPs)
             Began as a Troll Monk on May 28, 2023.
             Slain by an orc
             ... wielding a +0 hand axe
              (2 damage)
             ... on level 5 of the Dungeon.
             The game lasted 00:04:49 (2799 turns).

olmar the Ruffian (Troll Monk)                      Turns: 2799, Time: 00:04:50

Health: -1/67      AC:  5    Str: 18 (20) XL:     7   Next: 90%
Magic:  1/6        EV: 10    Int:  3 (6)  God:
Gold:   267        SH:  5    Dex:  9 (12) Spells: 6/6 levels left

rFire   . .          .
                       - Unarmed
rCold   . . .        (no shield)
rNeg    . . .        a - +0 robe
rPois   .            (helmet restricted)
rElec   .            f - +0 cloak
rCorr   .            (gloves unavailable)
SInv    .            (boots unavailable)
Will    .....        h - amulet of reflection
Stlth   +            (no ring)
HPRegen 1.11/turn    (no ring)
MPRegen 0.10/turn

%: reflection
@: lethally poisoned (-1 -> -2)
A: large, unfitting armour, claws 3, regeneration 1, shaggy fur 1, tough skin 1,
mutation resistance 1, weak 1, MP-powered wands
a: no special abilities


You were on level 5 of the Dungeon.
You visited 1 branch of the dungeon, and saw 5 of its levels.

You collected 267 gold pieces.

Inventory:

Hand Weapons
 n - the +9 quarterstaff "Leviticus" {heavy, Dex+6}
   (You found it on level 2 of the Dungeon)

   Dex:       It affects your dexterity (+6).
Missiles
 j - 3 curare-tipped darts
 t - 6 javelins (quivered)
Armour
 a - a +0 robe (worn)
 c - an orb of light
 f - a +0 cloak (worn)
Jewellery
 h - an amulet of reflection (around neck)
 x - a ring of wizardry
 A - a ring of protection from fire
Wands
 w - a wand of paralysis (3)
Scrolls
 d - 2 scrolls of teleportation {unknown}
 g - 2 scrolls of amnesia {unknown}
 i - 3 scrolls of identify {unknown}
 k - a scroll of enchant armour {unknown}
 m - a scroll of blinking {unknown}
 p - a scroll of noise {unknown}
 r - a scroll of brand weapon {unknown}
 y - a scroll of immolation {unknown}
 z - a scroll of magic mapping {unknown}
 B - a scroll of fear {unknown}
Potions
 b - 2 potions of ambrosia
 e - a potion of cancellation
 l - a potion of mutation
 o - a potion of degeneration
 u - 2 potions of berserk rage {unknown}
 v - a potion of resistance {unknown}
 C - 2 potions of lignification {unknown}


   Skills:
 + Level 3.4 Fighting
 - Level 0.1 Throwing
 + Level 4.5 Dodging
 + Level 1.0 Stealth
 - Level 0.1 Shields
 + Level 7.4 Unarmed Combat


You had 6 spell levels left.
You didn't know any spells.
Your spell library contained the following spells:

 Spells                   Type           Power      Damage    Failure   Level
 Blink                    Tloc           0%         N/A       67%         2
 Lesser Beckoning         Tloc           0%         N/A       67%         2
 Momentum Strike          Conj/Tloc      0%         3d8       67%         2


Dungeon Overview and Level Annotations

Branches:
Dungeon (5/15)
 Temple: D:4-7

Altars:
Elyvilon
Sif Muna
Trog

Shops:
D:4 (


Innate Abilities, Weirdness & Mutations

You are too large for most types of armour.
You have claws for hands.
Your natural rate of healing is unusually fast.
You are covered in fur. (AC +1)
You have tough skin. (AC +1)
You are somewhat resistant to further mutation.
You are weak. (Str -2)
You expend magic power (3 MP) to strengthen your wands.


Message History

The orc hits you but does no damage.
The orc wizard hits you with a +0 dagger.
* * * LOW HITPOINT WARNING * * *
Unknown command.
The helpless water moccasin fails to defend itself.
You claw the water moccasin!
The water moccasin is moderately wounded.
You feel sick. The orc barely misses you.
The orc wizard hits you but does no damage.
The helpless water moccasin fails to defend itself.
You claw the water moccasin!
The water moccasin is severely wounded.
You feel sick. The orc hits you with a +0 hand axe.
* * * LOW HITPOINT WARNING * * *
You block the orc wizard's attack.
Unknown command.
Aiming: Paralyse
Press: ? - help, Shift-Dir - straight line, f - orc wizard, p - water moccasin
Aim: an orc wizard, wielding a +0 dagger and wearing a +0 robe (chance to affect: 49%)
The orc wizard resists with some effort.
You feel sick. The orc hits you with a +0 hand axe.
* * * LOW HITPOINT WARNING * * *
The orc wizard misses you.
Unknown command.
Aiming: Paralyse
Press: ? - help, Shift-Dir - straight line, f/p - orc wizard
Aim: an orc wizard, wielding a +0 dagger and wearing a +0 robe (chance to affect: 49%)
The orc wizard resists with some effort.
You feel sick. The orc closely misses you.
The orc wizard hits you with a +0 dagger.
* * * LOW HITPOINT WARNING * * *
Unknown command.
Aiming: Paralyse
Press: ? - help, Shift-Dir - straight line, f/p - orc wizard
Aim: an orc wizard, wielding a +0 dagger and wearing a +0 robe (chance to affect: 50%)
Okay, then.
You scratch the orc wizard but do no damage.
* * * LOW HITPOINT WARNING * * *
You feel sick. The orc hits you with a +0 hand axe.
You die...

#. ##.###
#.####....###
#...........# .
##.....###.......
##......#######...
...........##......
.####..#..........
#.###..)o.##. #.
##.@### ..
#ooS.....# ..
#......... ..
#.........
#.......##
........# ........#
..........


You could see a water moccasin (paralysed), an orc priest (paralysed), an orc
wizard and an orc.

Vanquished Creatures
  Grinder (D:3)
  Sigmund (D:2)
  Eustachio (D:4)
  2 ogres
  An iguana (D:5)
  Natasha (thrice) (D:4)
  An orc wizard (D:5)
  Robin (D:3)
  5 adders
  3 worms
  2 dart slugs
  7 orcs
  6 endoplasms
  2 giant cockroaches
  15 goblins
  10 hobgoblins
  4 kobolds
  3 quokkas
  9 ball pythons
  5 bats
  7 frilled lizards
  2 rats (D:2)
91 creatures vanquished.

Notes
Turn   | Place    | Note
-------+----------+-------------------------------------------
     0 | D:1      | olmar the Troll Monk began the quest for the Orb.
     0 | D:1      | Reached XP level 1. HP: 22/22 MP: 0/0
   221 | D:1      | Reached XP level 2. HP: 29/29 MP: 1/1
   638 | D:2      | Reached XP level 3. HP: 28/36 MP: 2/2
   785 | D:2      | Found a faded altar of an unknown god.
   816 | D:2      | Found a bloodstained altar of Trog.
   825 | D:2      | Identified the +9 quarterstaff "Leviticus" {heavy, Dex+6}
   914 | D:2      | Reached skill level 4 in Unarmed Combat
  1078 | D:2      | Noticed Sigmund
  1086 | D:2      | Killed Sigmund
  1087 | D:2      | Reached skill level 5 in Unarmed Combat
  1087 | D:2      | Reached XP level 4. HP: 37/45 MP: 3/3
  1087 | D:2      | Reached XP level 5. HP: 44/53 MP: 4/4
  1393 | D:3      | Found a shimmering blue altar of Sif Muna.
  1552 | D:3      | Noticed Robin
  1586 | D:3      | Killed Robin
  1636 | D:3      | Noticed Grinder
  1650 | D:3      | Paralysed by Grinder for 4 turns
  1656 | D:3      | Reached XP level 6. HP: 43/61 MP: 5/5
  1656 | D:3      | Paralysed by Grinder for 4 turns
  1665 | D:3      | Paralysed by Grinder for 5 turns
  1670 | D:3      | Killed Grinder
  1671 | D:3      | Reached skill level 6 in Unarmed Combat
  1878 | D:3      | Found a white marble altar of Elyvilon.
  1880 | D:3      | Found a bloodstained altar of Trog.
  2162 | D:4      | Noticed Natasha
  2167 | D:4      | Killed Natasha
  2305 | D:4      | Reached XP level 7. HP: 67/67 MP: 6/6
  2317 | D:4      | Noticed Natasha
  2322 | D:4      | Killed Natasha
  2496 | D:4      | Noticed Natasha
  2505 | D:4      | Killed Natasha
  2587 | D:4      | Noticed Eustachio
  2603 | D:4      | Killed Eustachio
  2604 | D:4      | Reached skill level 1 in Stealth
  2604 | D:4      | Reached skill level 7 in Unarmed Combat
  2702 | D:4      | Found Oppattuo's Antique Weapon Emporium.
  2730 | D:5      | Entered Level 5 of the Dungeon
  2783 | D:5      | Gained mutation: You are weak. (Str -2) [potion of
                  | mutation]
  2783 | D:5      | Gained mutation: You expend magic power (3 MP) to
                  | strengthen your wands. [potion of mutation]
  2783 | D:5      | Gained mutation: You are somewhat resistant to further
                  | mutation. [potion of mutation]
  2797 | D:5      | HP: 2/67 [orc/+0 hand axe (6)]
  2799 | D:5      | Slain by an orc

Illustrated notes

Levels and vault maps discovered:
D:1:      dpeg_arrival_fog, layout_loops_ring
D:2:      layout_rooms, shapermc_ecumenical_altar_mp_highgroup, basic_altar,
          interstate_on_off, kennysheep_generic_room_9, uniq_sigmund
D:3:      layout_loops_corners, nicolae_overflow_hidden_temple, uniq_robin,
          uniq_grinder
D:4:      layout_loops_cross, serial_shops, shop_fountains, uniq_eustachio,
          uniq_natasha
D:5:      layout_layer_cave, uniq_prince_ribbit1

Skill      XL: |  1  2  3  4  5  6  7 |
---------------+----------------------+-----
Dodging        | 3 4 |  4.5
Unarmed Combat | 5 6 7 |  7.4
Fighting       | 3 |  3.4
Stealth        | 1 |  1.0
Throwing       | |  0.1
Shields        | |  0.1

Action                     |  1- 3 |  4- 6 |  7- 9 || total
---------------------------+-------+-------+-------++-------
  Melee: Unarmed           |   118 |    98 |    44 ||   260
         Punch             |     2 |     2 |       ||     4
  Throw: Dart              |     2 |       |       ||     2
         Javelin           |       |     3 |       ||     3
  Evoke: Wand              |       |       |     5 ||     5
    Use: Potion            |       |       |     7 ||     7
   Stab: Distracted        |     1 |       |       ||     1
         Paralysed         |       |       |     4 ||     4
         Sleeping          |       |       |     3 ||     3
 Armour: Robe              |    30 |    17 |    19 ||    66
  Dodge: Dodged            |    82 |    28 |    29 ||   139
  Block: Other             |     2 |    11 |    15 ||    28
